cohdb
Replays
Latest Replays
All Replays
Popular Replays
Top Player Replays
Match Explorer
How It Works
Community
CoH3 Stats
Reddit
Sign in to upload your games and track your stats! →
Sign in with Steam
Match 42985330
Unlisted
Match 42985330
Overview
Messages
Build Orders
End
Kradschützen Motorcycle Team
Selects Italian Combined Arms Battlegroup
Selects Bersaglieri Squad
Bersaglieri Squad
Bersaglieri Squad
Panzergrenadier Squad
Construct Light Support Kompanie
Fire Support Elements
Flakvierling Half-track
Panzerjäger Mechanized Group
Selects Bersaglieri Bolster
2.5-tonne Medical Truck
Vehicle Survival Package
Selects Breda Model 30 Light Machine Guns
Construct Panzerarmee Kommand
Pak 38 Mechanized Group
Panzer III L Medium Tank
Selects Semovente da 75/18 Assault Gun
Selects Carro Armato M13/40 Light Tank
Carro Armato M13/40 Light Tank
Selects Pact of Steel
desertBeliever
JVevermore
0
0
Comments
sign in to comment!
No comments posted yet!